 Dungeon Crawl Stone Soup version 0.18-a0-20-gaede791 (webtiles) character file.

1568 Ordine the Thaumaturge (level 8, -2/41 HPs)
             Began as a Deep Elf Conjurer on Nov 2, 2015.
             Slain by an orc warrior
             ... wielding a +0 dire flail of draining
              (19 damage)
             ... on level 6 of the Dungeon.
             The game lasted 00:24:51 (5651 turns).

Ordine the Thaumaturge (Deep Elf Conjurer)          Turns: 5651, Time: 00:24:51

Health: -2/41      AC: 12    Str:  5    XL:     8   Next: 59%
Magic:  13/23      EV: 15    Int: 23    God:
Gold:   173        SH:  0    Dex: 15    Spells: 5 memorised, 11 levels left

rFire  . . .     SeeInvis .     x - +1 long sword (protect)
rCold  . . .     Clarity  .     a - +0 robe
rNeg   . . .     SustAt   .     (no shield)
rPois  .         Gourm    .     p - +0 helmet
rElec  .         Spirit   .     (no cloak)
rCorr  .         Warding  .     (no gloves)
rMut   .         Stasis   .     d - +0 pair of boots
MR     .....                    (no amulet)
Stlth  ++........               (no ring)
                                v - +3 ring of protection

@: drained, not resistant to hostile enchantments, unstealthy
A: no striking features
a: no special abilities


You were on level 6 of the Dungeon.
You were not hungry.

You visited 1 branch of the dungeon, and saw 6 of its levels.

You collected 323 gold pieces.
You spent 150 gold pieces at shops.

Inventory:

Hand Weapons
 x - a +1 long sword of protection (weapon)
Armour
 a - a +0 robe (worn)
 d - a +0 pair of boots (worn)
 p - a +0 helmet (worn)
 u - a +0 buckler
Magical Staves
 m - an uncursed staff of cold
Jewellery
 v - a +3 ring of protection (left hand)
Wands
 j - a wand of hasting (6)
Scrolls
 i - a scroll of remove curse
 q - a scroll of fear
 s - 2 scrolls of enchant armour
 A - a scroll of identify
Potions
 e - a potion of resistance
 h - a potion of heal wounds
 l - a potion of magic
 o - a potion of haste
 r - a potion of brilliance
 t - 2 potions of curing
 w - a potion of ambrosia {unknown}
 z - a potion of might {unknown}
Books
 b - a book of Conjurations

   Spells                             Type                      Level
   a - Magic Dart                     Conjuration                  1
   b - Searing Ray                    Conjuration                  2
   c - Dazzling Spray                 Conjuration/Hexes            3
   d - Fulminant Prism                Conjuration/Hexes            4
   e - Iskenderun's Mystic Blast      Conjuration                  4
   f - Iskenderun's Battlesphere      Conjuration/Charms           5
Comestibles
 c - 4 bread rations
 f - 8 meat rations
 g - 2 beef jerkies
 k - 2 slices of pizza
 n - 2 fruits
 B - 2 chunks of flesh


   Skills:
 + Level 5.3(5.0) Dodging
 - Level 2.4(2.1) Stealth
 + Level 2.0(1.7) Shields
 * Level 9.9(9.6) Spellcasting
 + Level 7.0(6.7) Conjurations
 + Level 5.5(5.2) Charms


You had 11 spell levels left.
You knew the following spells:

 Your Spells              Type           Power        Failure   Level  Hunger
a - Magic Dart            Conj           ####         1%          1    None
b - Searing Ray           Conj           #####.       1%          2    None
c - Dazzling Spray        Conj/Hex       ####....     6%          3    None
d - Iskenderun's Mystic   Conj           #####...     4%          4    ##.....
e - Iskenderun's Battles  Conj/Chrm      #####...     17%         5    ####...


Dungeon Overview and Level Annotations

Branches:
Dungeon (6/15)
 Temple: D:4-7

Altars:
Gozag
Nemelex Xobeh
Ru
Sif Muna
Xom
Yredelemnul

Shops:
D:4 ?


Message History

The orc warrior is moderately wounded.
The searing ray hits the orc warrior.
The orc warrior is heavily wounded.
The orc warrior misses you.
The searing ray hits the orc warrior.
The orc warrior is almost dead.
The searing ray hits the orc.
You kill the orc!
The orc warrior hits you with a dire flail of draining.
You feel drained. The giant newt misses you.
Casting: Searing Ray
Confirm with . or Enter, or press ? or * to list all spells.
Aiming: Searing Ray
Press: ? - help, Shift-Dir - straight line, f/p - orc warrior
Aim: an orc warrior, wielding a dire flail of draining and wearing a plate armour (almost dead)
The searing ray misses the orc warrior.
The orc shouts!
The giant newt misses you.
The orc warrior hits you with a dire flail of draining!!
You die...

##########....##########....#
.....'..>#....#..'.....'(...#
.....#...#....'..#.....#....+
######'###....#+###+####....#
...........................##
...........................#
...........................#
...........................##+###
####.....#######@########.......#
#.....# #..ol[.....#.(.....#
#.....# #..)...)...'.......#
#.....+ #..........#.......#
#.....# ##.........#.......#
#.....# #####o.............#
#.....# #.....##############
......# #.....# ...#####..o..#


You could see an orc warrior, an orc and a giant newt.

Vanquished Creatures
  A hungry ghost (D:4)
  A sky beast (D:6)
  2 phantoms
  An ogre (D:5)
  An orc warrior (D:6)
  The ghost of ontamu the Slasher, an amateur HESk (D:3)
  A scorpion (D:5)
  3 jellies
  3 wights (D:5)
  3 orc wizards
  2 hounds
  2 giant frog skeletons
  5 orc priests
  2 iguanas (D:4)
  2 worker ants (D:4)
  10 adders
  2 oozes
  2 worms
  2 giant geckos
  13 orcs
  3 giant cockroaches
  8 goblins
  8 hobgoblins
  A quokka (D:3)
  2 ball pythons (D:1)
  9 bats
  A giant gecko skeleton (D:5)
  5 giant newts
  3 jackals (D:6)
  A jackal zombie (D:5)
  9 kobolds
  A quokka zombie (D:5)
  8 rats
118 creatures vanquished.

Vanquished Creatures (others)
  2 orc wizards (D:5)
  An orc (D:5)
  A giant newt (D:5)
4 creatures vanquished.

Grand Total: 122 creatures vanquished

Notes
Turn   | Place    | Note
--------------------------------------------------------------
     0 | D:1      | Ordine the Deep Elf Conjurer began the quest for the Orb.
     0 | D:1      | Reached XP level 1. HP: 10/10 MP: 6/6
   140 | D:1      | Reached XP level 2. HP: 15/15 MP: 5/8
   166 | D:1      | Learned a level 2 spell: Searing Ray
   801 | D:2      | Reached XP level 3. HP: 19/19 MP: 7/10
   829 | D:2      | Learned a level 3 spell: Dazzling Spray
   886 | D:2      | You fall through a shaft!
  1484 | D:2      | Reached skill level 5 in Conjurations
  1820 | D:3      | Noticed ontamu's ghost (amateur HESk)
  1827 | D:3      | Killed ontamu's ghost
  1827 | D:3      | Reached skill level 5 in Spellcasting
  1827 | D:3      | Reached XP level 4. HP: 5/24 MP: 3/13
  1844 | D:3      | Reached skill level 6 in Spellcasting
  1844 | D:3      | Reached XP level 5. HP: 22/28 MP: 2/15
  1964 | D:3      | Learned a level 4 spell: Iskenderun's Mystic Blast
  1970 | D:3      | Learned a level 5 spell: Iskenderun's Battlesphere
  2351 | D:3      | Found an opulent altar of Gozag.
  2351 | D:3      | Found a sacrificial altar of Ru.
  2404 | D:3      | Reached skill level 1 in Charms
  2758 | D:4      | Found Kaitseno's Magic Scroll Emporium.
  2764 | D:4      | Bought a scroll of fear for 35 gold pieces
  2764 | D:4      | Bought a scroll of enchant armour for 75 gold pieces
  2764 | D:4      | Bought a scroll of identify for 20 gold pieces
  2764 | D:4      | Bought a scroll of identify for 20 gold pieces
  2878 | D:4      | Noticed a hungry ghost
  2888 | D:4      | Killed a hungry ghost
  2888 | D:4      | Reached skill level 7 in Spellcasting
  2888 | D:4      | Reached XP level 6. HP: 27/32 MP: 9/18
  3647 | D:4      | Reached XP level 7. HP: 25/36 MP: 8/20
  3832 | D:4      | Reached skill level 8 in Spellcasting
  3977 | D:5      | Entered Level 5 of the Dungeon
  4192 | D:5      | Reached skill level 1 in Shields
  4352 | D:5      | Reached skill level 9 in Spellcasting
  4352 | D:5      | Reached XP level 8. HP: 39/41 MP: 13/23
  4436 | D:5      | Found a sparkling altar of Nemelex Xobeh.
  4812 | D:5      | Found a shimmering altar of Xom.
  4988 | D:5      | Found a deep blue altar of Sif Muna.
  4989 | D:5      | Found a basalt altar of Yredelemnul.
  5151 | D:6      | Reached skill level 5 in Charms
  5362 | D:6      | Reached skill level 5 in Dodging
  5651 | D:6      | Slain by an orc warrior

Vault maps used:
D:1:      dpeg_arrival_subterranean_lakeside_camping
D:3:      gammafunk_temple_overflow_elements
D:4:      first_bread, serial_shops, shop, kennysheep_generic_room_3
D:5:      xom_confusion_cloud, gammafunk_temple_overflow_statue,
          nicolae_overflow_crystal_walls

Action                   |  1- 3 |  4- 6 |  7- 9 || total
-------------------------+-------+-------+-------++-------
Melee: Dagger            |       |     6 |     5 ||    11
 Cast: Magic Dart        |    88 |    49 |    76 ||   213
       Searing Ray       |     3 |    14 |    23 ||    40
  Use: Scroll            |     8 |     5 |       ||    13
       Potion            |       |     1 |       ||     1
  Eat: Chunk             |     2 |     7 |     6 ||    15
